 Dungeon Crawl Stone Soup version 0.28-a0-8-g6e044cfa68 (webtiles) character file.

Game seed: 4413503812414469873

89 Gwenloh the Slasher (level 4, 0/35 HPs)
             Began as a Human Fighter on July 24, 2021.
             Was a Follower of Wu Jian.
             Succumbed to an adder's poison
             ... on level 4 of the Dungeon.
             The game lasted 00:07:21 (4195 turns).

Gwenloh the Slasher (Human Fighter)                 Turns: 4195, Time: 00:07:22

Health: 0/35       AC:  7    Str: 16    XL:     4   Next: 84%
Magic:  4/4        EV:  6    Int:  9    God:    Wu Jian [*.....]
Gold:   97         SH:  9    Dex: 13    Spells: 3/3 levels left

rFire   . . .      SeeInvis .   a - +0 long sword
rCold   . . .      Faith    .   c - +0 kite shield
rNeg    . . .      Spirit   .   b - +0 scale mail
rPois   .          Reflect  .   s - +0 helmet
rElec   .          Harm     .   (no cloak)
rCorr   .          Rampage  .   (no gloves)
Will    .....                   (no boots)
Stlth   ..........              (no amulet)
HPRegen 0.11/turn               (no ring)
MPRegen 0.09/turn               (no ring)

@: mighty, lethally poisoned (0 -> -5)
A: no striking features
a: Renounce Religion


You were on level 4 of the Dungeon.
You worshipped Wu Jian.
Wu Jian was aware of your devotion.
You visited 1 branch of the dungeon, and saw 7 of its levels.

You collected 97 gold pieces.

Inventory:

Hand Weapons
 a - a +0 long sword (weapon)
 v - a +0 rapier
Missiles
 g - 11 poisoned darts (quivered)
 m - 88 stones
 q - 41 sling bullets
Armour
 b - a +0 scale mail (worn)
 c - a +0 kite shield (worn)
 s - a +0 helmet (worn)
Jewellery
 l - a ring of willpower
Wands
 p - a wand of acid (11)
Scrolls
 e - a scroll of enchant armour {unknown}
 k - 2 scrolls of identify {unknown}
 n - a scroll of noise {unknown}
 r - a scroll of enchant weapon {unknown}
 u - a scroll of vulnerability {unknown}
Potions
 d - a potion of might
 f - a potion of haste {unknown}
 h - 3 potions of lignification {unknown}
 i - 3 potions of curing {unknown}
 j - a potion of degeneration {unknown}
 o - 2 potions of berserk rage {unknown}
 t - a potion of heal wounds {unknown}


   Skills:
 - Level 3.0 Fighting
 * Level 4.6 Long Blades
 - Level 3.0 Armour
 - Level 3.0 Shields


You had 3 spell levels left.
You didn't know any spells.
Your spell library was empty.

Dungeon Overview and Level Annotations

Branches:
Dungeon (7/15)
 Temple: D:4-7

Altars:
Wu Jian

Annotations:
D:4 Natasha
D:5 Ijyb, Sigmund


Message History

* * * LOW HITPOINT WARNING * * *
You block the adder's attack.
You climb upwards.
Level annotation: Natasha The hobgoblin shouts!
Reactivating autopickup.
There is a stone staircase leading down here.
You spin to attack the gnoll, but your attack speed is too slow for a blow to land.
An iguana comes into view.
The iguana hisses angrily.
The gnoll hits you with a +0 club.
* * * LOW HITPOINT WARNING * * *
A dart slug comes into view.
The adder barely misses you.
You riposte.
You miss the adder.
You lunge at the hobgoblin.
You hit the hobgoblin.
You kill the hobgoblin!
The Council accepts your kill.
You feel very mighty all of a sudden. The adder bites you but does no damage.
You miss the adder. You block the adder's attack.
The iguana bites you but does no damage.
You block the adder's attack. The iguana barely misses you.
You riposte.
You closely miss the iguana.
Your scale mail prevents you from hitting the adder.
The adder barely misses you.
You riposte.
You closely miss the adder. You block the iguana's attack. The adder bites you.
* * * LOW HITPOINT WARNING * * *
You miss the adder. You block the iguana's attack. The adder bites you.
* * * LOW HITPOINT WARNING * * *
You are lethally poisoned!
The adder poisons you! You block the iguana's attack. The adder bites you.
* * * LOW HITPOINT WARNING * * *
You miss the adder.
* * * LOW HITPOINT WARNING * * *
You feel sick. The adder closely misses you.
You riposte.
You miss the adder. You block the iguana's attack.
Unknown command.
Unknown command.
You closely miss the adder.
You die...

##.###############
#
.....wl@Sg>.......
#
##.#######.######.
# #.# # ..# # ##.
# . # .# ## .# .#


You could see an iguana, a gnoll, an adder and a dart slug.

Vanquished Creatures
  3 adders
  A worm (D:2)
  2 dart slugs
  4 ball pythons
  3 bats
  An endoplasm (D:2)
  5 giant cockroaches
  4 goblins
  5 hobgoblins
  4 jackals (D:3)
  4 quokkas (D:1)
  12 kobolds
  5 rats (D:2)
  2 bushes (D:2)
55 creatures vanquished.

Vanquished Creatures (others)
  52 plants
52 creatures vanquished.

Grand Total: 107 creatures vanquished

Notes
Turn   | Place    | Note
-------+----------+-------------------------------------------
     0 | D:1      | Gwenloh the Human Fighter began the quest for the Orb.
     0 | D:1      | Reached XP level 1. HP: 18/18 MP: 1/1
   177 | D:1      | Reached XP level 2. HP: 24/24 MP: 2/2
   404 | D:1      | Reached skill level 3 in Long Blades
   556 | D:1      | Reached XP level 3. HP: 29/29 MP: 3/3
  1331 | D:2      | Reached skill level 4 in Long Blades
  1331 | D:2      | Reached XP level 4. HP: 27/35 MP: 4/4
  2970 | D:3      | Found a faded altar of an unknown god.
  2990 | D:3      | Became a worshipper of the Wu Jian Council
  2990 | D:3      | Reached * piety under Wu Jian
  3968 | D:4      | Noticed Natasha
  3975 | D:4      | You fall into a shaft and drop 3 floors!
  3975 | D:7      | Noticed a centaur
  3976 | D:7      | Noticed a sky beast
  4062 | D:6      | Noticed a steam dragon
  4064 | D:6      | Noticed a necrophage
  4068 | D:5      | Entered Level 5 of the Dungeon
  4168 | D:5      | Noticed Sigmund
  4176 | D:5      | Noticed Ijyb
  4177 | D:5      | Noticed a water moccasin
  4195 | D:4      | Succumbed to an adder's poison

Illustrated notes

Levels and vault maps discovered:
D:1:      doesnt_arrival_eight_statues, layout_loops_ring,
          kennysheep_another_room
D:2:      wad_woods_pond, layout_loops_corners, st_stairs_9,
          lexackson_kobold_supper
D:3:      layout_loops_corners, shapermc_ecumenical_altar_mp_ritualfount
D:4:      layout_loops_ring, kennysheep_generic_room_14, uniq_eustachio,
          uniq_natasha
D:5:      layout_loops_ring, uniq_ijyb, uniq_sigmund, uniq_prince_ribbit1
D:6:      layout_cave_pools, mainiacjoe_overflow_tiny_flanked, uniq_edmund
D:7:      layout_rooms, grunt_temple_overflow_open,
          mainiacjoe_overflow_catwalk_spiral, minmay_temple_entry_glass,
          serial_glass, glass_columns_c, glass_columns_b, feat_on_display,
          minmay_strange_pillars, due_unseen_surprise, enter_bailey_2

Skill      XL: |  1  2  3 |
---------------+----------+-----
Long Blades    | 3 4 |  4.6
Fighting       | |  3.0
Armour         | |  3.0
Shields        | |  3.0

Action                   |  1- 3 |  4- 6 || total
-------------------------+-------+-------++-------
Melee: Long sword        |    67 |   231 ||   298
Throw: Dart              |    45 |    16 ||    61
Invok: Lunge             |       |     4 ||     4
       Whirlwind         |       |     2 ||     2
  Use: Potion            |       |     1 ||     1
Armor: Scale mail        |    24 |    29 ||    53
Dodge: Dodged            |    11 |    22 ||    33
Block: Kite shield       |    34 |    41 ||    75
       Rpst.: Long sword |     2 |     8 ||    10

Table legend: (Time is in decaauts)
 A = Elapsed time spent in this place.
 B = Non-inter-level travel time spent in this place.
 C = Inter-level travel time spent in this place.
 D = Time resting spent in this place.
 E = Time spent auto-exploring this place.
 F = Levels seen in this place.
 G = Mean time per level.
                   A        B        C        D        E       F      G
               +--------+--------+--------+--------+--------+-----+--------+
         Total |   4336 |   4108 |    228 |    356 |   2964 |   7 |  619.4 |
       Dungeon |   4336 |   4108 |    228 |    356 |   2964 |   7 |  619.4 |
               +--------+--------+--------+--------+--------+-----+--------+

Top non-repeatable levels by time:
     D:2: 1747 daAuts
     D:1: 1291 daAuts
     D:3: 1068 daAuts
     D:5: 117 daAuts
     D:6: 80 daAuts
     D:4: 19 daAuts
     D:7: 11 daAuts
